 Dungeon Crawl Stone Soup version 0.28.0-43-g3370ac3207 (webtiles) character file.

Game seed: 17180249848387041069

690 protoss039 the Skirmisher (level 7, -11/55 HPs)
             Began as a Djinni Air Elementalist on Mar 28, 2022.
             Mangled by an ogre
             ... wielding a +0 giant club
              (22 damage)
             ... on level 5 of the Dungeon.
             The game lasted 00:10:25 (7884 turns).

protoss039 the Skirmisher (Djinni Air Elementalist) Turns: 7884, Time: 00:10:26

Health: -11/55     AC:  2    Str:  7    XL:     7   Next: 95%
Gold:   165        EV: 12    Int: 19    God:
                   SH:  0    Dex: 13

rFire   + + .      SeeInvis .   o - +2 hand axe (elec)
rCold   x . .      Faith    .   (no shield)
rNeg    . . .      Spirit   .   a - +0 robe
rPois   ∞          Reflect  .   (no helmet)
rElec   .          Harm     .   (no cloak)
rCorr   +          Rampage  .   (no gloves)
Will    .....                   (boots unavailable)
Stlth   ++........              (no amulet)
HPRegen 0.18/turn               k - ring of resist corrosion
MPRegen 0.00/turn               (no ring)

@: flying
A: sickness immunity, fire resistance 2, cold vulnerability 1, float, innate
caster, HP casting, extra vitality 1
a: no special abilities


You were on level 5 of the Dungeon.
You visited 2 branches of the dungeon, and saw 6 of its levels.

You collected 165 gold pieces.

Inventory:

Hand Weapons
 b - a +0 rapier
 o - a +2 hand axe of electrocution (weapon)
Missiles
 n - a throwing net
Armour
 a - a +0 robe (worn)
Jewellery
 k - a ring of resist corrosion (left hand)
Scrolls
 f - a scroll of identify
 g - a scroll of enchant armour {unknown}
 i - a scroll of immolation {unknown}
 l - 3 scrolls of vulnerability {unknown}
 q - a scroll of teleportation {unknown}
Potions
 c - a potion of brilliance
 d - a potion of resistance
 e - a potion of cancellation
 h - a potion of mutation {unknown}
 j - a potion of invisibility {unknown}
 m - a potion of ambrosia {unknown}
 p - a potion of curing {unknown}
 r - a potion of heal wounds {unknown}


   Skills:
 * Level 5.9 Fighting
 - Level 2.1 Dodging
 - Level 3.3 Stealth
 * Level 4.0 Spellcasting


You couldn't memorise any spells.
You knew the following spells:

 Your Spells              Type           Power      Damage    Failure   Level
a - Shock                 Conj/Air       76%        1d7       2%          1
b - Static Discharge      Conj/Air       19%        N/A       4%          2
c - Swiftness             Air            19%        N/A       8%          3
d - Airstrike             Air            9%         N/A       26%         4
e - Pain                  Necr           76%        1d7       2%          1
f - Ensorcelled Hibernat  Hex/Ice        38%        N/A       4%          2
g - Inner Flame           Hex/Fire       19%        N/A       8%          3
Your spell library was empty.

Dungeon Overview and Level Annotations

Branches:
Dungeon (5/15)             Temple (1/1) D:5

Altars:
Ashenzari
Cheibriados
Dithmenos
Elyvilon
Gozag
Hepliaklqana
Nemelex Xobeh
Okawaru
Sif Muna
Trog
Uskayaw
Vehumet
Wu Jian
Xom
Yredelemnul
Zin
The Shining One


Innate Abilities, Weirdness & Mutations

You are immune to sickness and miasma.
You are immune to poison.
Your flesh is very heat resistant. (rF++)
You are vulnerable to cold. (rC-)
You float through the air rather than walking.
You learn spells naturally, not from books.
Your magical power is your life essence.
You have superior vitality. (+4 MHP)


Message History

The orc hits you but does no damage. x2
Unknown command.
You barely miss the orc.
The orc is heavily wounded.
You completely miss the ogre. The orc hits you with a +0 club.
The ogre hits you with a +0 giant club!
Unknown command.
Casting: Static Discharge (safe; 4% risk of failure)
Confirm with . or Enter, or press ? or * to list all spells.
The orc is struck by an arc of lightning!
You kill the orc!
The orc is struck by an arc of lightning.
The orc is severely wounded.
The lightning grounds out.
The orc is struck by an arc of lightning.
You kill the orc!
The ogre is struck by an arc of lightning.
The ogre is lightly wounded.
The lightning grounds out.
Unknown command.
Casting: Static Discharge (safe; 4% risk of failure)
Confirm with . or Enter, or press ? or * to list all spells.
The ogre is struck by an arc of lightning!
The ogre is heavily wounded.
You are struck by an arc of lightning.
* * * LOW HITPOINT WARNING * * *
The lightning grounds out.
* * * LOW HITPOINT WARNING * * *
The ogre barely misses you.
Unknown command.
Casting: Static Discharge (safe; 4% risk of failure)
Confirm with . or Enter, or press ? or * to list all spells.
The ogre is struck by an arc of lightning.
The ogre is heavily wounded.
You are struck by an arc of lightning.
* * * LOW HITPOINT WARNING * * *
The lightning grounds out.
* * * LOW HITPOINT WARNING * * *
The ogre hits you with a +0 giant club!!
You die...

#....#
#...$#
#....#######
#........$..
#...........
#...........
.#
#...))......
.#
#...@O......
.#
##.##...?...
#.### #.#
.......
..... #.#
.......
...## #.#
#######
##....# ##.#
#..##.. #..#
#.## .
##.#######
#.#
#..###...##
#.#


You could see an ogre.

Vanquished Creatures
  A water moccasin (D:5)
  An ogre (D:5)
  A bullfrog zombie (D:3)
  A centaur zombie (D:5)
  4 orc priests
  A gnoll shaman (D:4)
  An iguana (D:5)
  2 orc wizards
  4 gnolls
  4 adders
  A white imp (D:5)
  6 worms
  6 dart slugs
  11 orcs
  7 ball pythons
  7 endoplasms
  2 giant cockroaches
  6 goblins
  12 hobgoblins
  2 jackals (D:1)
  4 quokkas
  4 bats
  4 frilled lizards
  6 kobolds
  8 rats
106 creatures vanquished.

Vanquished Creatures (others)
  A plant (D:1)
1 creature vanquished.

Grand Total: 107 creatures vanquished

Notes
Turn   | Place    | Note
-------+----------+-------------------------------------------
     0 | D:1      | protoss039 the Djinni Air Elementalist began the quest for
                  | the Orb.
     0 | D:1      | Reached XP level 1. HP: 15/15 MP: 0/0
   348 | D:1      | Reached XP level 2. HP: 20/22 MP: 0/0
   608 | D:1      | Found a faded altar of an unknown god.
   865 | D:1      | Reached skill level 1 in Fighting
   865 | D:1      | Reached XP level 3. HP: 6/27 MP: 0/0
   865 | D:1      | Learned a level 1 spell: Pain
  1640 | D:2      | Found a white marble altar of Elyvilon.
  1978 | D:2      | You are sucked into a shaft and drop 2 floors!
  1992 | D:4      | Reached XP level 4. HP: 22/33 MP: 0/0
  2143 | D:4      | Reached skill level 2 in Fighting
  2828 | D:3      | Reached XP level 5. HP: 22/39 MP: 0/0
  2828 | D:3      | Learned a level 2 spell: Ensorcelled Hibernation
  3754 | D:2      | Reached skill level 3 in Fighting
  5303 | D:4      | Reached XP level 6. HP: 45/46 MP: 0/0
  5344 | D:4      | Reached skill level 4 in Fighting
  6401 | D:5      | Entered Level 5 of the Dungeon
  6454 | D:5      | Reached skill level 5 in Fighting
  6557 | D:5      | Noticed an ogre
  6564 | D:5      | Killed an ogre
  6565 | D:5      | Reached XP level 7. HP: 32/54 MP: 0/0
  6565 | D:5      | Learned a level 3 spell: Inner Flame
  7138 | D:5      | Found a staircase to the Ecumenical Temple.
  7150 | Temple   | Entered the Ecumenical Temple
  7494 | D:5      | Noticed a water moccasin
  7503 | D:5      | Killed a water moccasin
  7884 | D:5      | Mangled by an ogre

Illustrated notes

Levels and vault maps discovered:
D:1:      evilmike_arrival_crescent, layout_basic,
          shapermc_ecumenical_altar_mp_urbaneastern
D:2:      layout_basic, basic_altar
D:3:      layout_basic
D:4:      minmay_evil_eye, layout_rooms, nicolae_ossuary_entry_plus, hex_large,
          nicolae_wormholes
D:5:      layout_rooms, minmay_temple_entry_proselytizer
Temple:   eino_temple_scatter_basement

Skill      XL: |  1  2  3  4  5  6  7 |
---------------+----------------------+-----
Spellcasting   | 3 4 |  4.0
Fighting       | 1 2 3 5 |  5.9
Stealth        | 2 3 |  3.3
Dodging        | |  2.1

Action                   |  1- 3 |  4- 6 |  7- 9 || total
-------------------------+-------+-------+-------++-------
Melee: Rapier            |    14 |     9 |       ||    23
       Dagger            |       |     2 |       ||     2
       Hand axe          |       |     3 |    15 ||    18
       Punch             |       |     1 |       ||     1
 Cast: Shock             |    63 |   113 |    12 ||   188
       Static Discharge  |       |    38 |    19 ||    57
  Use: Scroll            |       |     3 |       ||     3
 Stab: Sleeping          |     2 |     1 |     1 ||     4
Armor: Robe              |     2 |     2 |     5 ||     9
Dodge: Dodged            |    28 |    28 |    12 ||    68
